[Event "*** Titled Tuesday Blitz"]
[Site "Chess.com"]
[Date "2020.11.24"]
[Round "4"]
[White "Marina_Chess_Rus"]
[Black "Dave_ChessMate"]
[Result "1/2-1/2"]
[WhiteElo "2301"]
[BlackElo "2460"]
[TimeControl "180+1"]
[EndTime "10:57:15 PST"]
[Termination "Game drawn - insufficient material"]

1. d4 Nf6 2. Nf3 e6 3. c4 c5 4.
Nc3 d5 5. cxd5 exd5 6. Bg5 cxd4 7. Nxd4 Be7 8. g3 h6 9. Bf4 Nc6 10.
Bg2 Qb6 11. Ndb5 O-O 12. O-O Be6 13. Nc7 Rad8 14. Na4 Qa5 15. Nxe6 fxe6 16. Bh3 Kf7 17. Rc1 e5 18. Bd2 Qc7 19. Qb3 Qd6 20. Be3 b6 21. Rfd1 Na5 22. Qb5 g5 23. Bd2 Nc4 24. b3 Nxd2 25. Rxd2 g4 26. Bg2 e4 27. Rc6 Qb4 28. Qxb4 Bxb4 29. Rc7+ Kg6 30. Rdc2 d4 31. Rxa7 d3 32. exd3 exd3 33. Rc1 d2 34. Rd1 Rfe8 35. Nb2 Re1+ 36. Bf1 Rde8 37. Rd7 Rxd1 38. Nxd1 Re1 39. Ne3 Ne4 40. Rd8 Ng5 41. Kg2 Nf3 42. Nxg4 d1=Q 43.
Rxd1 Rxd1 44. Be2 Ra1 45. Kxf3 Rxa2 46. Ne5+ Kg7 47. Nc6 Bc5 48. h4 h5 49. Ne5 Rb2 50. Nd3 Rxb3 51. Ke4 Ra3 52. Nxc5 bxc5 53. Bc4 Rc3 54. Kd5 Rc2 55. f3 Rg2 56. Kxc5 Rxg3 57. Kd4 Rxf3 58. Be6 Rf4+ 59. Ke3 Rxh4 60. Kf3 Rb4 61.
Kg3 Kh6 62. Kh3 Kg5 63. Bd7 h4 64. Be6 Ra4 65. Bd5 Ra3+ 66. Kh2 Kf4 67. Be6 Kg5 68. Bd7 Rc3 69. Be6 Re3 70. Bd7 Kf4 71. Be6 Rg3 72. Bc8 Kf3 73. Bb7+ Kf2 74. Bc8 Ra3 75. Bd7 Ke3 76.
Kh3 Rd3 77. Be6 Rd4 78. Bg4 Kf2 79. Kxh4 Ke3 80. Kg3 Rxg4+ 81. Kxg4 1/2-1/2

[Event "*** Titled Tuesday Blitz"]
[Site "Chess.com"]
[Date "2020.11.24"]
[Round "4"]
[White "THE_PLAYER6"]
[Black "GianmarcoVaR"]
[Result "0-1"]
[WhiteElo "2426"]
[BlackElo "2604"]
[TimeControl "180+1"]
[EndTime "10:57:18 PST"]
[Termination "GianmarcoVaR won by resignation"]

1. d4 Nf6 2. c4 e6 3. Nf3 b6 4. g3 Bb4+ 5. Bd2 c5 6. Bg2 Bb7 7. Bxb4 cxb4 8. O-O O-O 9. Qd3 d6 10. Nbd2 Nbd7 11. a3 bxa3 12. b4 e5 13. e4 a5 14.
b5 exd4 15. Qxd4 Nc5 16. Nh4 Re8 17. f3 Qe7 18. Nf5 Qe5 19. Rxa3 g6 20. Qxe5 dxe5 21.
Ne3 Red8 22. Nd5 Bxd5 23. cxd5 Ne8 24. Nc4 f6 25. Nxb6 Rab8 26. Nc4 a4 27. b6 Nd6 28. Rc1 Nb3 29. Rc3 Nd4 30. Kf2 N6b5 31. Bf1 Nxc3 32. Rxc3 Nb5 33. Rc2 Nd6 34. Ra2 Nxc4 35. Bxc4 Rxb6 36.
Rxa4 Rb2+ 37. Ke3 Rb7 38. h4 Kg7 39. Ba2 Rc7 40. f4 Rdc8 41. d6 Rc3+ 42. Kf2 Rc2+ 43. Kf1 Rd2 44. Ra7+ Kh6 45. Rc7 Rxc7 46. dxc7 Rc2 47.
fxe5 fxe5 48. Bd5 Rxc7 49. Kf2 Kg7 50. Kf3 Re7 51. Kg4 Re8 52. Kg5 Re7 53. h5 h6+ 54.
Kg4 Kf6 55. hxg6 Kxg6 56. Kh4 Ra7 57. Be6 Ra1 58. Bf5+ Kf6 59. Kg4 Rh1 60. Bh7 h5+ 61.
Kf3 Kg5 62. Bf5 Ra1 63. Be6 Ra3+ 64. Kf2 Rc3 65. Bf5 h4 66. gxh4+ Kxh4 67. Ke2 Kg5 68. Kd2 Rg3 69. Ke2 Kf4 70. Kf2 Re3 71. Kf1 Kf3 72. Bg6 Ra3 73. Ke1 Ke3 74. Kd1 Kd3 75. Ke1 Ra6 76. Bf5 Ke3 77. Kd1 Rc6 78.
Bh7 Rd6+ 79. Kc2 Rd4 80. Bf5 Rxe4 81. Bxe4 Kxe4 82. Kd2 Kf3 83. Ke1 Ke3 84. Kf1 Kd2 85.
Kf2 e4 86. Kg3 e3 0-1

[Event "*** Titled Tuesday Blitz"]
[Site "Chess.com"]
[Date "2020.11.24"]
[Round "4"]
[White "MPGM"]
[Black "djano"]
[Result "1-0"]
[WhiteElo "2619"]
[BlackElo "2466"]
[TimeControl "180+1"]
[EndTime "10:57:19 PST"]
[Termination "MPGM won on time"]

1. d4 d5 2. c4 c6 3. Nf3 Nf6 4.
g3 g6 5. Bg2 Bg7 6. O-O O-O 7.
Qb3 Qb6 8. Nc3 Rd8 9. h3 dxc4 10.
Qxc4 Be6 11. Qa4 a5 12. Qc2 Na6 13. a3 Bb3 14. Qb1 c5 15. dxc5 Nxc5 16. Be3 Rac8 17.
Rc1 Qa6 18. Nd4 e5 19. Ndb5 e4 20. a4 Nxa4 21. Nxa4 Qxb5 22. Rxc8 Rxc8 23. Nc3 Qb4 24. Qe1 a4 25. Bd2 Qe7 26. Nxa4 Nd5 27. Nc3 Nxc3 28.
Bxc3 Bxc3 29. bxc3 Bd5 30. e3 Qc5 31. Rc1 b5 32. Rb1 Qxc3 33. Qxc3 Rxc3 34. Rxb5 Rc1+ 35. Kh2 Rd1 36. g4 Kg7 37. g5 h6 38. h4 hxg5 39. hxg5 Bc4 40. Re5 Rd2 41. Kg3 Bd3 42. Bxe4 Bxe4 43.
Rxe4 Rd5 44. f4 Rd1 45. Rc4 Rg1+ 46. Kf3 Rf1+ 47. Ke4 Re1 48. Rc5 Rd1 49. Ke5 Rg1 50. e4 Ra1 51. Rc6 Ra5+ 52. Kd6 Ra4 53. Kd5 Ra5+ 54. Rc5 Ra6 55. Kd4 Ra4+ 56. Rc4 Ra7 57. f5 gxf5 58. exf5 Ra5 59. Ke4 Rb5 60. Kf4 Ra5 61.
Kg4 Ra1 62. Kh5 Rh1+ 63. Rh4 Ra1 64. f6+ Kg8 65. Rc4 Rh1+ 66. Kg4 Rg1+ 67. Kf5 Rf1+ 68.
Ke5 Rg1 69. Rc8+ Kh7 70. Kd6 Rxg5 71. Ke7 Rg1 72. Kxf7 Ra1 73. Rc7 Kh8 74. Ke7 Re1+ 75.
Kf8 Rf1 76. f7 Re1 77. Rc4 1-0

[Event "*** Titled Tuesday Blitz"]
[Site "Chess.com"]
[Date "2020.11.24"]
[Round "4"]
[White "HouseOfDurin"]
[Black "Chessbard1972"]
[Result "1-0"]
[WhiteElo "2135"]
[BlackElo "2325"]
[TimeControl "180+1"]
[EndTime "10:57:44 PST"]
[Termination "HouseOfDurin won by resignation"]

1. d4 Nf6 2. Bg5 Ne4 3. h4 c6 4. Nd2 Nxg5 5. hxg5 d5 6. f4 Qb6 7. Nb3 Bf5 8. e3 e6 9. Bd3 Bxd3 10. Qxd3 Nd7 11. Rxh7 Rxh7 12. Qxh7 O-O-O 13. O-O-O Kb8 14. Nf3 c5 15. c3 Rc8 16. Kb1 a5 17. dxc5 Nxc5 18.
Nxc5 Qxc5 19. Qd3 f6 20. gxf6 gxf6 21. g4 a4 22. a3 Rc6 23. g5 fxg5 24. fxg5 Rb6 25.
Rd2 Bg7 26. Kc1 Rb3 27. Nd4 Rb6 28. Qg6 Be5 29. Qe8+ Qc8 30. Qxa4 Qg8 31. Rg2 Qg6 32. Qc2 Qg7 33. g6 Rd6 34. Qf2 Rd7 35. Nxe6 Qe7 36. Qf8+ Qxf8 37. Nxf8 Rg7 38. Ne6 Rg8 39. g7 Kc8 40.
Rf2 Bxg7 41. Rg2 Re8 42. Nxg7 Rxe3 43. Nf5 Rf3 44. Nd4 Rf1+ 45. Kc2 Kc7 46. Rg6 Kd7 47. Kb3 Rf2 48. a4 Kc7 49. Re6 Kd7 50. Rb6 Kc7 51. Rh6 Rg2 52. Nc2 Rf2 53. Ne3 Rd2 54. Rh4 Kd6 55. Rd4 Re2 56. Nxd5 Kc6 57. Nb4+ Kc5 58.
Rd5+ Kb6 59. Rb5+ Kc7 60. Nd5+ Kc6 61. Nb4+ Kc7 62. Rh5 Rg2 63. a5 Rf2 64. a6 bxa6 65.
Nxa6+ Kb6 66. Nb4 Kc7 67. Rh6 Kb7 68. Nd5 Rf5 69. c4 Rf3+ 70. Kb4 Rf2 71. b3 Rf5 72.
Kc5 Rf3 73. b4 Rf5 74. b5 Ka7 75. Rh7+ Kb8 76. b6 Rg5 77. Kb5 Kc8 78. Rc7+ Kb8 79. Re7 Kc8 80. Re4 Kb7 81. Re7+ Kc8 82. Kc5 Kb8 83. b7 Ka7 84. Kb4 Kb8 85. Nc3 Ka7 86. Nb5+ Kb8 87. Nd6 Rg8 88. Re8+ Rxe8 89. Nxe8 Kxb7 90.
Nf6 Kc6 91. c5 Kc7 92. Kb5 Kb7 93. c6+ Kc7 94. Kc5 Kc8 95. Kb6 Kd8 96. Ne4 Kc8 97.
c7 Kd7 98. Kb7 Ke6 99. c8=Q+ Ke5 100. Qc7+ Kxe4 101. Qd6 1-0

[Event "*** Titled Tuesday Blitz"]
[Site "Chess.com"]
[Date "2020.11.24"]
[Round "4"]
[White "penguingm1"]
[Black "Savva09022009"]
[Result "0-1"]
[WhiteElo "2960"]
[BlackElo "2547"]
[TimeControl "180+1"]
[EndTime "10:58:23 PST"]
[Termination "Savva09022009 won by resignation"]

1. d4 Nf6 2. c4 e6 3. Nc3 Bb4 4. Qc2 O-O 5. Nf3 c5 6. dxc5 Bxc5 7. Bg5 h6 8. Bh4 Be7 9. e3 d5 10. Rd1 Qa5 11. a3 dxc4 12. Bxc4 a6 13. O-O b5 14. Bd3 Bb7 15. Ne4 Rc8 16. Qb1 Bxe4 17. Bxe4 Nxe4 18. Bxe7 Nf6 19. Bxf6 gxf6 20. Qe4 Nc6 21. Rd7 Ra7 22.
Rfd1 Rxd7 23. Rxd7 Rc7 24. Rd6 Ne5 25. h4 Rc1+ 26.
Kh2 Qc7 27. Qa8+ Kg7 28. Qd8 Nxf3+ 29. gxf3 Qc5 30. Rd4 h5 31. Rf4 Qe5 32. Qd2 Rb1 33. b4 Rb2 34. Qe1 Ra2 35. Kh3 Rxa3 36. Qg1+ Kh7 37.
Qb1+ Kg7 38. Rd4 Qf5+ 39. Qxf5 exf5 40. Kg3 Kg6 41. Kf4 Ra4 42. Kg3 Ra2 43. Rd8 Kg7 44.
Rd4 Kg6 45. Rd6 Ra4 46. Rb6 Rxb4 47. Rxa6 Rb1 48. Rb6 b4 49. Kf4 b3 50. Rb8 b2 51.
Rb5 Rh1 52. Rxb2 Rxh4+ 53. Kg3 Ra4 54. Rb5 Ra3 55. Kf4 Ra2 56. Kg3 Rc2 57. Rb8 Ra2 58. Kg2 Kg7 59. Rb4 Kg6 60. Rb6 Rc2 61. Rb5 Ra2 62.
Rb1 Rc2 63. Rg1 Ra2 64. Kg3 Kh6 65. Rg2 Kg5 66. Rh2 f4+ 67. exf4+ Kg6 68. f5+ Kg5 69. f4+ Kxf5 70. Rxh5+ Kg6 71. Rh8 Ra3+ 72. Kg4 f5+ 73. Kh4 Rf3 74. Rg8+ Kf6 75. Rb8 Rxf2 76. Rb6+ Kg7 77.
Kg5 Ra2 78. Rb5 Rg2+ 79. Kxf5 Rh2 80. Rb3 Rh5+ 81. Kg4 Ra5 82. Rh3 Ra4 83. Rg3 Ra5 84.
Kh4+ Kf6 85. Rb3 Kf5 86. Kg3 f6 87. Rc3 Rb5 88. Rd3 Ra5 89. Rf3 Rb5 90. Re3 Ra5 91.
Rb3 Rc5 92. Ra3 Rb5 93. Ra6 Rc5 94. Kh4 Kxf4 95. Rxf6+ Rf5 96. Re6 Rb5 97. Ra6 Rb4 98. Rg6 Ke3+ 99. Kg3 Rb1 100. Re6+ Kd4 101. Kf2 Rb2+ 102.
Kf3 Rb1 103. Rd6+ Ke5 104. Rd2 Rb3+ 105. Kg4 Ke4 106. Rd8 Rb1 107. Re8+ Kd5 108. Kf3 Rb3+ 109. Ke2 Rb2+ 110. Kd3 Rb3+ 111. Kc2 Rh3 112. Kb2 Kc4 113. Rc8+ Kb4 114. Rb8+ Kc4 115. Rh8 Rxh8 0-1

[Event "*** Titled Tuesday Blitz"]
[Site "Chess.com"]
[Date "2020.11.24"]
[Round "4"]
[White "MVM2008"]
[Black "Qvalda"]
[Result "0-1"]
[WhiteElo "2170"]
[BlackElo "2424"]
[TimeControl "180+1"]
[EndTime "10:58:30 PST"]
[Termination "Qvalda won by checkmate"]

1. e4 c6 2. d4 d5 3. Nc3 dxe4 4. Nxe4 Bf5 5. Ng3 Bg6 6. Nf3 Nd7 7. Bd3 e6 8. O-O Bd6 9. c3 Ngf6 10. Bg5 Qc7 11. Qe2 O-O 12. Ne4 Nxe4 13. Bxe4 Bxe4 14. Qxe4 h6 15. Bh4 c5 16. Rad1 c4 17. Bg3 Nf6 18.
Bxd6 Qxd6 19. Qe5 Qd5 20. Rfe1 b5 21. Qf4 a5 22. Re5 Qb7 23. g4 Nd5 24. Qe4 b4 25. g5 bxc3 26. gxh6 g6 27. bxc3 Rab8 28. Qh4 Qe7 29. Ng5 Nxc3 30. h7+ Kh8 31. Rde1 Rb1 32. d5 Rxe1+ 33. Rxe1 Nxd5 34. Qh6 c3 35. Rc1 a4 36. Ne4 f5 37. Nxc3 Nxc3 38. Rxc3 Qg7 39. Qxg7+ Kxg7 40. Rc7+ Kh8 41. Ra7 Rc8 42. Kg2 Rc2 43.
Rxa4 Kxh7 44. Kg3 Kg7 45. Ra6 Kf6 46. h4 Rc3+ 47. f3 Rc1 48. a4 Rg1+ 49. Kh2 Ra1 50. a5 Ra4 51. Kg3 Ra3 52. Ra8 Ra4 53. a6 Ke5 54. a7 Ra1 55. Kf2 Ra2+ 56. Kg3 Ra1 57. Kg2 f4 58. Rg8 Rxa7 59. Rxg6 Kf5 60. Rg5+ Kf6 61. Kh3 Ra1 62. Kg4 e5 63. Rf5+ Ke6 64.
Rg5 Kf6 65. Rf5+ Ke6 66. Rg5 Rg1+ 67. Kh5 Rf1 68. Kg4 Kd5 69. h5 Rh1 70. Rg6 Kd4 71. Kf5 Rxh5+ 72. Kg4 Rh8 73. Rd6+ Ke3 74. Re6 Rg8+ 75.
Kf5 Kxf3 76. Rxe5 Rf8+ 77. Kg5 Rg8+ 78. Kf5 Kg3 79. Re1 Kf2 80. Ra1 f3 81. Ra2+ Kg1 82.
Ra1+ Kg2 83. Kf4 f2 84. Ra2 Rf8+ 85. Ke3 Kg1 86. Ra5 f1=Q 87. Rg5+ Qg2 88. Rxg2+ Kxg2 89. Ke4 Re8+ 90. Kd5 Rg8 91. Kd6 Rg3 92. Kc7 Rf3 93. Kd7 Kf2 94. Kd6 Ke3 95. Kc5 Rf4 96. Kd5 Re4 97. Kc5 Rd4 98. Kb5 Ke4 99. Kc5 Ke5 100.
Kb5 Kd5 101. Kb6 Rc4 102. Ka5 Kd4 103. Kb5 Kc3 104. Kb6 Kb4 105. Ka6 Rc5 106. Kb6 Kc4 107. Kb7 Kd5 108. Ka6 Kd6 109. Kb6 Kd5 110. Kb7 Rc6 111. Ka7 Kc5 112. Kb7 Kb5 113. Ka7 Rb6 114. Ka8 Kc6 115. Ka7 Kc7 116. Ka8 Ra6# 0-1

[Event "*** Titled Tuesday Blitz"]
[Site "Chess.com"]
[Date "2020.11.24"]
[Round "5"]
[White "WiktoriaPOL"]
[Black "Tsyhanchuk_Stanislav"]
[Result "1-0"]
[WhiteElo "2073"]
[BlackElo "2237"]
[TimeControl "180+1"]
[EndTime "11:06:32 PST"]
[Termination "WiktoriaPOL won by resignation"]

1. c4 Nf6 2. Nc3 c5 3. Nf3 e6 4. d4 cxd4 5. Nxd4 a6 6. g3 Qc7 7. b3 b6 8. Bg2 Bb7 9. O-O Be7 10.
Bf4 e5 11. Bxb7 Qxb7 12. Bxe5 O-O 13. Nf5 d5 14. Nxd5 Nxd5 15. Qxd5 Qd7 16. Qxd7 Nxd7 17.
Nxe7+ Kh8 18. Bb2 1-0

[Event "*** Titled Tuesday Blitz"]
[Site "Chess.com"]
[Date "2020.11.24"]
[Round "5"]
[White "picturesquecheck"]
[Black "Smile2005"]
[Result "0-1"]
[WhiteElo "2112"]
[BlackElo "2346"]
[TimeControl "180+1"]
[EndTime "11:07:20 PST"]
[Termination "Smile2005 won by resignation"]

1. e4 d5 2. exd5 Nf6 3. Nf3 Nxd5 4. d4 Bg4 5. Be2 e6 6. O-O Be7 7. h3 Bh5 8. c4 Nb6 9. b3 O-O 10. Bb2 Nc6 11. Nbd2 Bg6 12. Re1 Bf6 13. Nf1 Nb4 14. Ne3 c5 15. Bc3 Nc6 16. Ne5 cxd4 17. Nxc6 bxc6 18. c5 dxe3 0-1

[Event "*** Titled Tuesday Blitz"]
[Site "Chess.com"]
[Date "2020.11.24"]
[Round "5"]
[White "AldokhinIvan"]
[Black "malakismayil"]
[Result "1-0"]
[WhiteElo "2491"]
[BlackElo "2261"]
[TimeControl "180+1"]
[EndTime "11:07:36 PST"]
[Termination "AldokhinIvan won by resignation"]

1. d4 Nf6 2. c4 e6 3. Nc3 Bb4 4.
f3 O-O 5. a3 Bxc3+ 6. bxc3 d6 7.
e4 e5 8. Bd3 h6 9. Ne2 b6 10.
Be3 Bb7 11. O-O Nbd7 12. Ng3 Re8 13. Qc2 Nf8 14. h3 Ng6 15. f4 exf4 16. Bxf4 Nxf4 17. Rxf4 Nh7 18. Raf1 f6 19. e5 Ng5 20. exf6 Qd7 21. f7+ Nxf7 22. Rxf7 1-0

[Event "*** Titled Tuesday Blitz"]
[Site "Chess.com"]
[Date "2020.11.24"]
[Round "5"]
[White "Manukyan_Artak"]
[Black "CoachHakia"]
[Result "1-0"]
[WhiteElo "2355"]
[BlackElo "2161"]
[TimeControl "180+1"]
[EndTime "11:07:37 PST"]
[Termination "Manukyan_Artak won by resignation"]

1. e4 d5 2. exd5 Qxd5 3. Nc3 Qa5 4. Bc4 Nf6 5. d4 Bf5 6. Bd2 c6 7. Qe2 e6 8. O-O-O Nbd7 9. d5 cxd5 10. Nxd5 Qc5 11.
Bb4 Qc8 12. Nxf6+ gxf6 13. Bb5 Bxb4 14. Bxd7+ Qxd7 15. Rxd7 Kxd7 16. Qb5+ 1-0

[Event "*** Titled Tuesday Blitz"]
[Site "Chess.com"]
[Date "2020.11.24"]
[Round "5"]
[White "rugbyclub"]
[Black "AbdAlAgathos"]
[Result "0-1"]
[WhiteElo "2184"]
[BlackElo "2363"]
[TimeControl "180+1"]
[EndTime "11:07:39 PST"]
[Termination "AbdAlAgathos won by resignation"]

1. e4 e6 2. d4 d5 3. e5 c5 4. c3 Nc6 5. Nf3 Bd7 6. a3 f6 7. b4 cxd4 8. b5 Nxe5 9. Nxe5 fxe5 10. Qh5+ g6 11. Qxe5 Nf6 12. cxd4 Bg7 13. Bg5 Qa5+ 14.
Nd2 O-O 15. Bd3 Ne4 0-1

[Event "*** Titled Tuesday Blitz"]
[Site "Chess.com"]
[Date "2020.11.24"]
[Round "5"]
[White "bylavochka"]
[Black "vladgoncharov"]
[Result "0-1"]
[WhiteElo "2171"]
[BlackElo "2482"]
[TimeControl "180+1"]
[EndTime "11:07:56 PST"]
[Termination "vladgoncharov won by resignation"]

1. e4 e6 2. d4 d5 3. Bd3 dxe4 4. Bxe4 Nf6 5. Bf3 Nbd7 6. Ne2 Bd6 7. O-O e5 8. Nbc3 O-O 9. Be3 Re8 10. Ng3 exd4 11. Bxd4 Ne5 12. Bxe5 Bxe5 13. Qxd8 Rxd8 14. Rad1 Rf8 15. Rfe1 Bxc3 16. bxc3 c6 17. Re7 g6 18. h4 Re8 19. Rxe8+ Nxe8 20. Rd8 Kf8 21. Bg4 f5 22. Nxf5 Bxf5 23. Rb8 Rxb8 0-1

[Event "*** Titled Tuesday Blitz"]
[Site "Chess.com"]
[Date "2020.11.24"]
[Round "5"]
[White "Supernotar"]
[Black "tlomigtlis"]
[Result "1/2-1/2"]
[WhiteElo "2854"]
[BlackElo "2585"]
[TimeControl "180+1"]
[EndTime "11:08:09 PST"]
[Termination "Game drawn by agreement"]

1. d4 d5 2. c4 c6 3. e3 Nf6 4.
Bd3 Bg4 5. Qc2 Nbd7 6. Nd2 e6 7. Ngf3 Bd6 8. b3 e5 9. dxe5 Nxe5 10. Nxe5 Bxe5 11. Bb2 Bxb2 12. Qxb2 O-O 13. O-O Qd6 14. h3 Bh5 15. cxd5 Nxd5 16. Nc4 Qf6 17. Qxf6 Nxf6 18.
f3 Rad8 19. Rfd1 Nd5 20. Kf2 Rfe8 21. e4 Nb4 22. Bf1 1/2-1/2

[Event "*** Titled Tuesday Blitz"]
[Site "Chess.com"]
[Date "2020.11.24"]
[Round "5"]
[White "TurboSteen"]
[Black "Mambastik-Fantastic"]
[Result "0-1"]
[WhiteElo "1980"]
[BlackElo "2298"]
[TimeControl "180+1"]
[EndTime "11:08:21 PST"]
[Termination "Mambastik-Fantastic won on time"]

1. e4 c5 2. Nf3 d6 3. d4 cxd4 4. Nxd4 Nf6 5. f3 e5 6. Nb3 Be6 7. c4 a5 8. a4 Nc6 9. Be2 Nb4 10.
O-O Rc8 0-1

[Event "*** Titled Tuesday Blitz"]
[Site "Chess.com"]
[Date "2020.11.24"]
[Round "5"]
[White "Chernov_Mikhail"]
[Black "RamyresCoelho"]
[Result "1-0"]
[WhiteElo "2329"]
[BlackElo "2091"]
[TimeControl "180+1"]
[EndTime "11:08:26 PST"]
[Termination "Chernov_Mikhail won by resignation"]

1. e4 c5 2. Nf3 d6 3. d4 cxd4 4. Nxd4 Nf6 5. Nc3 a6 6. Bc4 e5 7. Nde2 Be7 8. O-O O-O 9. Bb3 b5 10. Ng3 b4 11. Nd5 Nxd5 12. Bxd5 Ra7 13. Be3 Rd7 14.
Nf5 Bf6 15. a3 bxa3 16. Rxa3 Bg5 17. Bxg5 Qxg5 18. Rg3 Qf6 19. Rxg7+ Qxg7 20. Nxg7 Kxg7 21. Qg4+ Kh8 22. f4 f5 23. exf5 Rg7 24. Qh4 Bxf5 25. fxe5 dxe5 26. Rxf5 Rxf5 27. Qd8+ 1-0

[Event "*** Titled Tuesday Blitz"]
[Site "Chess.com"]
[Date "2020.11.24"]
[Round "5"]
[White "ashookk"]
[Black "keepitcoming"]
[Result "1-0"]
[WhiteElo "2250"]
[BlackElo "2375"]
[TimeControl "180+1"]
[EndTime "11:08:33 PST"]
[Termination "ashookk won by resignation"]

1. Nf3 d5 2. c4 e6 3. Qc2 c5 4. cxd5 exd5 5. d4 Nf6 6. Bg5 Be7 7. e3 O-O 8. Nc3 c4 9. Ne5 Nc6 10. Nxc6 bxc6 11. Be2 Rb8 12. O-O Qb6 13. Na4 Qb4 14.
Bxf6 Bxf6 15. b3 cxb3 16. axb3 Qxb3 17. Qxb3 Rxb3 18. Nc5 Bf5 19. Nxb3 1-0

[Event "*** Titled Tuesday Blitz"]
[Site "Chess.com"]
[Date "2020.11.24"]
[Round "5"]
[White "ftorodent"]
[Black "Sinquefield"]
[Result "0-1"]
[WhiteElo "2639"]
[BlackElo "2447"]
[TimeControl "180+1"]
[EndTime "11:08:40 PST"]
[Termination "Sinquefield won by resignation"]

1. d4 Nf6 2. c4 e6 3. Nf3 Bb4+ 4.
Bd2 Qe7 5. Nc3 O-O 6. e3 b6 7. Bd3 Bb7 8. O-O d5 9. a3 Bxc3 10. Bxc3 Nbd7 11. b4 dxc4 12. Bxc4 c5 13. Qe2 Ne4 14.
Bb2 Rac8 15. Rfc1 cxb4 16. axb4 Ndf6 17. Rxa7 Ra8 18. Rca1 Rfc8 19. Rxa8 Bxa8 20. Ba6 Rd8 21. Qe1 Nd5 22. Bd3 Nxb4 23. Bxe4 Bxe4 24. Ba3 Bxf3 25.
gxf3 Qg5+ 26. Kh1 Nc2 0-1

[Event "*** Titled Tuesday Blitz"]
[Site "Chess.com"]
[Date "2020.11.24"]
[Round "5"]
[White "DanielNaroditsky"]
[Black "LikeWater"]
[Result "1-0"]
[WhiteElo "3015"]
[BlackElo "2614"]
[TimeControl "180+1"]
[EndTime "11:08:44 PST"]
[Termination "DanielNaroditsky won by checkmate"]

1. b3 b6 2. Bb2 Bb7 3. Nf3 e6 4.
e3 Nf6 5. d4 g6 6. Bd3 Bg7 7.
O-O O-O 8. c4 d6 9. Nc3 c5 10.
e4 cxd4 11. Nxd4 a6 12. Qe2 Nbd7 13. Rad1 Qc7 14. Rfe1 Rfd8 15. h3 Rac8 16. Nc2 Ne5 17. Ne3 Nxd3 18. Qxd3 Qb8 19. Rd2 Qa8 20. Ng4 Nd7 21.
Na4 Nc5 22. Qe3 Bxb2 23. Nxb2 Nxe4 24. Qh6 f5 25. Rxe4 Bxe4 26. Nf6+ Kf7 27. Nxh7 Rh8 28. Rxd6 Rcd8 29. Ng5+ Kf6 30. Rxe6# 1-0

[Event "*** Titled Tuesday Blitz"]
[Site "Chess.com"]
[Date "2020.11.24"]
[Round "5"]
[White "1e41-0"]
[Black "Kretov_Evgenij"]
[Result "1-0"]
[WhiteElo "2673"]
[BlackElo "2446"]
[TimeControl "180+1"]
[EndTime "11:08:45 PST"]
[Termination "1e41-0 won by resignation"]

1. d4 Nf6 2. c4 e6 3. Nc3 Bb4 4. f3 c5 5. d5 b5 6. e4 bxc4 7. Bxc4 O-O 8. Bg5 h6 9. Bh4 g5 10.
Bg3 exd5 11. Bxd5 Nxd5 12. Qxd5 Nc6 13. Ne2 Ba6 14. h4 Ne7 15. Qd6 Bxe2 16. hxg5 Ng6 17. Kxe2 Qxg5 18. Nd5 Qd2+ 19. Kf1 Qxb2 20. Rd1 Bc3 21.
Rxh6 Bg7 22. Rxg6 fxg6 23. Ne7+ Kf7 24. Qd5+ Kxe7 25. Qxd7+ Kf6 26. Bh4+ g5 27. Qf5+ Ke7 28. Rd7+ 1-0

[Event "*** Titled Tuesday Blitz"]
[Site "Chess.com"]
[Date "2020.11.24"]
[Round "5"]
[White "AIROPITO7"]
[Black "niki_2003"]
[Result "1-0"]
[WhiteElo "2561"]
[BlackElo "1992"]
[TimeControl "180+1"]
[EndTime "11:08:57 PST"]
[Termination "AIROPITO7 won by resignation"]

1. e4 c5 2. Nf3 d6 3. e5 Nc6 4. exd6 exd6 5. d4 Bg4 6. dxc5 dxc5 7. Qxd8+ Rxd8 8. Be2 Bxf3 9. Bxf3 Nd4 10. Bd1 Nf6 11. O-O Be7 12. Be3 O-O 13. c3 Nf5 14. Bf4 Bd6 15. Bc1 Rfe8 16. Bf3 b6 17. Na3 Nh4 18.
Bc6 Re7 19. Nc4 Bb8 20. Bg5 Rc7 21. Rad1 Rdc8 22. Bb5 Ng6 23. Nd6 h6 24. Bxf6 gxf6 25. Nxc8 Rxc8 26. Rfe1 Kh7 27. Re8 Rc7 28. Rxb8 1-0

[Event "*** Titled Tuesday Blitz"]
[Site "Chess.com"]
[Date "2020.11.24"]
[Round "5"]
[White "grzechu96"]
[Black "Aureliano-Buendia"]
[Result "1-0"]
[WhiteElo "2689"]
[BlackElo "2486"]
[TimeControl "180+1"]
[EndTime "11:08:59 PST"]
[Termination "grzechu96 won by resignation"]

1. e4 c5 2. Nc3 d6 3. d4 cxd4 4. Qxd4 Nc6 5. Qd2 g6 6. b3 Bh6 7. f4 e5 8. Nd5 exf4 9. Bb2 Ne5 10. Nf3 Bg7 11. O-O-O Nxf3 12. gxf3 Bxb2+ 13. Kxb2 Ne7 14. Qc3 O-O 15. Nf6+ Kh8 16. Rxd6 Qb6 17. Rxb6 1-0

[Event "*** Titled Tuesday Blitz"]
[Site "Chess.com"]
[Date "2020.11.24"]
[Round "5"]
[White "Nitzan_Steinberg"]
[Black "tigra"]
[Result "1-0"]
[WhiteElo "2872"]
[BlackElo "2799"]
[TimeControl "180+1"]
[EndTime "11:09:00 PST"]
[Termination "Nitzan_Steinberg won by resignation"]

1. e4 c5 2. Nf3 d6 3. d4 cxd4 4.
Nxd4 Nf6 5. Nc3 a6 6. h4 Nc6 7. Be3 Ng4 8. Nxc6 bxc6 9. Bd2 Qb6 10. Qe2 Qxb2 11. Rb1 Qxc2 12. f3 Ne5 13. f4 Bg4 14. Qe3 Ng6 15. h5 Nxf4 16. Qxf4 f5 17. e5 dxe5 18. Qc4 e6 19. Bd3 Qxb1+ 20. Bxb1 Kf7 21.
Rf1 g6 22. Qxg4 1-0

[Event "*** Titled Tuesday Blitz"]
[Site "Chess.com"]
[Date "2020.11.24"]
[Round "5"]
[White "Angel_Hranitel_37"]
[Black "hawes33"]
[Result "1-0"]
[WhiteElo "2487"]
[BlackElo "2227"]
[TimeControl "180+1"]
[EndTime "11:09:06 PST"]
[Termination "Angel_Hranitel_37 won by resignation"]

1. d4 c5 2. d5 Nf6 3. c4 g6 4.
g3 Bg7 5. Nc3 O-O 6. Bg2 d6 7.
Nf3 Na6 8. O-O Nc7 9. e4 a6 10. a4 b6 11. Re1 Bg4 12. Bf4 Nd7 13. h3 Bxf3 14. Qxf3 b5 15. axb5 axb5 16. cxb5 Rxa1 17. Rxa1 Qb8 18. Bf1 Bxc3 19. Qxc3 Nxb5 20. Bxb5 Qxb5 21. Bh6 f6 22. Bxf8 Kxf8 23. Ra8+ Kf7 24. Qa5 Qxb2 25. Qd8 Qb1+ 26. Kh2 Kg7 27. Qxd7 Qxe4 28. Qe6 Qf3 29. Qxe7+ Kh6 30. Qe3+ Qxe3 31. fxe3 1-0

[Event "*** Titled Tuesday Blitz"]
[Site "Chess.com"]
[Date "2020.11.24"]
[Round "5"]
[White "LiamVrolijk"]
[Black "Chigorinetz"]
[Result "1-0"]
[WhiteElo "2802"]
[BlackElo "2562"]
[TimeControl "180+1"]
[EndTime "11:09:13 PST"]
[Termination "LiamVrolijk won by resignation"]

1. d4 d5 2. c4 Nc6 3. Nc3 dxc4 4. e3 e5 5. Nf3 exd4 6. exd4 Nf6 7. Bxc4 Bd6 8. O-O O-O 9. h3 h6 10. Nb5 Bf5 11.
a3 Be4 12. Re1 Be7 13. Ne5 a6 14. Nc3 Bd5 15. Nxd5 Nxd5 16. Bxd5 Qxd5 17. Nxc6 Bf6 18. Ne7+ Bxe7 19. Rxe7 c5 20. Be3 Rfd8 21. Re5 Qd6 22. Rxc5 Rd7 23. Rac1 Rad8 24. Rc8 g5 25. Qd3 Kg7 26.
Rxd8 Rxd8 27. d5 Qxd5 28. Qxd5 Rxd5 29. g4 h5 30. Rc5 Rd1+ 31. Kg2 f6 32. Rc7+ Kg6 33.
Rxb7 h4 34. Rb6 a5 35. Ra6 Rb1 36. Bd4 a4 37. Rxf6+ Kh7 38. Rf5 Rd1 39. Bf6 Rd6 1-0

[Event "*** Titled Tuesday Blitz"]
[Site "Chess.com"]
[Date "2020.11.24"]
[Round "5"]
[White "kasparicy"]
[Black "SamuelGhimpu2003"]
[Result "1-0"]
[WhiteElo "2401"]
[BlackElo "2615"]
[TimeControl "180+1"]
[EndTime "11:09:14 PST"]
[Termination "kasparicy won by resignation"]

1. e4 e6 2. d4 d5 3. Nd2 c5 4. Ngf3 cxd4 5. exd5 Qxd5 6. Bc4 Qd7 7. Nb3 Nc6 8. O-O a6 9. Nbxd4 Nxd4 10. Nxd4 Qc7 11. Bb3 Bd6 12. h3 Ne7 13. Re1 O-O 14. c3 b5 15. Qh5 Bb7 16. Rxe6 Rae8 17. Re1 Ng6 18.
Be3 Re5 19. Qg4 h5 20. Qxg6 1-0

[Event "*** Titled Tuesday Blitz"]
[Site "Chess.com"]
[Date "2020.11.24"]
[Round "5"]
[White "GM_dmitrij"]
[Black "Dedic8"]
[Result "0-1"]
[WhiteElo "2883"]
[BlackElo "2821"]
[TimeControl "180+1"]
[EndTime "11:09:19 PST"]
[Termination "Dedic8 won by resignation"]

1. e4 e5 2. Nf3 Nc6 3. Bb5 a6 4.
Ba4 Nf6 5. O-O Be7 6. d3 b5 7. Bb3 d6 8. a3 O-O 9. Nc3 Na5 10. Ba2 Be6 11. b4 Nc6 12. Nd5 Nd4 13. Nxd4 exd4 14. Bb2 c5 15. c3 dxc3 16. Bxc3 Nxd5 17. exd5 Bf5 18. Qf3 Bg6 19. Rfe1 Bf6 20. Rac1 Bxc3 21. Rxc3 cxb4 22. axb4 a5 23. bxa5 Qxa5 24. Rcc1 Qxa2 25. h4 h5 26. g4 hxg4 27. Qxg4 Qxd5 0-1